1977 views
Uploaded 2023-04-06 03:00:22
Game version 1.35 (6115)
29:50 long 2on2 ladder game on (4)PhantomGrove_S2_v2.0
Saved by Cabeelibob
1977 views
Uploaded 2023-04-06 03:00:22
Game version 1.35 (6115)
29:50 long 2on2 ladder game on (4)PhantomGrove_S2_v2.0


68 units @ 10.9k
/ 1.4k
42 buildings @ 7.5k
/ 2.8k



| Rod of Necromancy | 3 | 450 |
| Ritual Dagger | 1 | 125 |
| Orb of Corruption | 1 | 375 |
| Scroll of Town Portal | 1 | 350 |
| Potion of Lesser Invulnerability | 1 | 150 |
| total: | 7 | 1450g |
| Acolyte | 11 | 825 | / | 0 |
| Ghoul | 3 | 360 | / | 0 |
| Crypt Fiend | 7 | 1505 | / | 280 |
| Obsidian Statue | 5 | 1000 | / | 175 |
| Banshee | 3 | 465 | / | 90 |
| Abomination | 2 | 480 | / | 140 |
| Frost Wyrm | 2 | 770 | / | 240 |
| Meat Wagon | 1 | 230 | / | 50 |
| Gargoyle | 2 | 350 | / | 60 |
| total: | 36 | 5985g | / | 1035w |
| Nerubian Tower | 1 | 100 | / | 20 |
| Altar of Darkness | 1 | 180 | / | 50 |
| Ziggurat | 8 | 1200 | / | 400 |
| Crypt | 3 | 600 | / | 150 |
| Tomb of Relics | 2 | 260 | / | 60 |
| Graveyard | 2 | 430 | / | 0 |
| Necropolis | 2 | 450 | / | 0 |
| Slaughterhouse | 1 | 140 | / | 135 |
| Temple of the Damned | 1 | 155 | / | 140 |
| Sacrificial Pit | 1 | 75 | / | 150 |
| Boneyard | 1 | 175 | / | 200 |
| Halls of the Dead | 2 | 640 | / | 420 |
| Black Citadel | 2 | 650 | / | 460 |
| total: | 22 | 3665g | / | 1285w |
| 0:03 | Acolyte |
| 0:03 | Acolyte |
| 0:07 | Altar of Darkness |
| 0:09 | Ziggurat |
| 0:36 | Crypt |
| 1:06 | Tomb of Relics |
| 1:11 | Tomb of Relics |
| 1:25 | Graveyard |
| 1:41 | Ghoul |
| 1:43 | Ziggurat |
| 1:52 | Ghoul |
| 2:10 | Death Coil |
| 2:14 | Rod of Necromancy |
| 2:49 | Halls of the Dead |
| 3:25 | Crypt Fiend |
| 3:35 | Crypt Fiend |
| 4:11 | Ziggurat |
| 4:16 | Crypt Fiend |
| 4:23 | Ritual Dagger |
| 4:30 | Rod of Necromancy |
| 5:23 | Slaughterhouse |
| 5:41 | Crypt Fiend |
| 5:46 | Unholy Aura |
| 5:59 | Ziggurat |
| 6:10 | Rod of Necromancy |
| 6:13 | Frost Nova |
| 6:28 | Obsidian Statue |
| 6:37 | Burrow |
| 6:59 | Death Coil |
| 7:16 | Obsidian Statue |
| 7:19 | Creature Carapace |
| 7:38 | Black Citadel |
| 7:46 | Frost Armor |
| 8:01 | Creature Attack |
| 8:26 | Obsidian Statue |
| 8:29 | Ziggurat |
| 9:04 | Temple of the Damned |
| 9:52 | Frost Nova |
| 10:03 | Destroyer Form |
| 10:04 | Web |
| 10:07 | Unholy Aura |
| 10:35 | Crypt Fiend |
| 10:44 | Banshee Adept Training |
| 10:58 | Silence |
| 11:09 | Crypt Fiend |
| 11:32 | Banshee |
| 11:50 | Ghoul |
| 11:53 | Abomination |
| 13:15 | Orb of Corruption |
| 13:17 | Scroll of Town Portal |
| 14:03 | Disease Cloud |
| 14:05 | Ziggurat |
| 14:12 | Black Arrow |
| 14:38 | Potion of Lesser Invulnerability |
| 15:02 | Banshee |
| 15:28 | Acolyte |
| 15:28 | Acolyte |
| 15:30 | Acolyte |
| 15:41 | Death Coil |
| 15:43 | Frost Armor |
| 16:04 | Acolyte |
| 16:10 | Ziggurat |
| 17:22 | Boneyard |
| 17:26 | Necropolis |
| 17:27 | Acolyte |
| 17:31 | Ziggurat |
| 17:49 | Obsidian Statue |
| 17:52 | Improved Creature Attack |
| 18:33 | Banshee Master Training |
| 19:23 | Frost Wyrm |
| 19:25 | Banshee |
| 19:26 | Crypt Fiend |
| 19:28 | Obsidian Statue |
| 19:31 | Silence |
| 20:03 | Abomination |
| 20:30 | Frost Wyrm |
| 20:36 | Sacrificial Pit |
| 20:38 | Acolyte |
| 20:54 | Nerubian Tower |
| 21:15 | Freezing Breath |
| 22:38 | Necropolis |
| 22:51 | Acolyte |
| 22:51 | Acolyte |
| 24:22 | Meat Wagon |
| 25:39 | Crypt |
| 25:50 | Acolyte |
| 26:48 | Gargoyle |
| 26:51 | Crypt |
| 26:54 | Gargoyle |
| 27:41 | Graveyard |
| 27:58 | Halls of the Dead |
| Select group | 1445 |
| Right click | 1109 |
| Select | 415 |
| Build/train/purchase | 116 |
| Use ability | 85 |
| Assign group | 55 |
| Item give/drop | 11 |
| Minimap ping | 8 |
| Misc. action | 4 |


| Healing Salve | 5 | 500 |
| Scroll of Speed | 3 | 150 |
| Scroll of Town Portal | 2 | 700 |
| total: | 10 | 1350g |
| Peon | 11 | 825 | / | 0 |
| Grunt | 11 | 2200 | / | 0 |
| Shaman | 4 | 520 | / | 80 |
| Tauren | 2 | 560 | / | 160 |
| Spirit Walker | 2 | 390 | / | 70 |
| Demolisher | 2 | 440 | / | 100 |
| total: | 32 | 4935g | / | 410w |
| Watch Tower | 2 | 220 | / | 160 |
| Orc Burrow | 9 | 1440 | / | 360 |
| Altar of Storms | 1 | 180 | / | 50 |
| Barracks | 1 | 180 | / | 50 |
| War Mill | 1 | 205 | / | 0 |
| Voodoo Lounge | 1 | 130 | / | 30 |
| Great Hall | 3 | 1155 | / | 555 |
| Spirit Lodge | 1 | 150 | / | 150 |
| Tauren Totem | 1 | 135 | / | 155 |
| Stronghold | 1 | 315 | / | 190 |
| Fortress | 1 | 325 | / | 190 |
| total: | 20 | 3795g | / | 1510w |
| 0:09 | Orc Burrow |
| 0:14 | Altar of Storms |
| 0:17 | Peon |
| 0:17 | Peon |
| 0:17 | Peon |
| 1:10 | Barracks |
| 1:26 | War Mill |
| 1:29 | Peon |
| 1:29 | Peon |
| 1:29 | Peon |
| 1:48 | Voodoo Lounge |
| 2:13 | Peon |
| 2:13 | Peon |
| 2:26 | Orc Burrow |
| 2:30 | Grunt |
| 2:55 | Orc Burrow |
| 3:05 | Orc Burrow |
| 3:16 | Feral Spirit |
| 3:17 | Healing Salve |
| 3:18 | Scroll of Speed |
| 3:34 | Watch Tower |
| 3:40 | Grunt |
| 4:14 | Spiked Barricades |
| 4:19 | Peon |
| 4:37 | Grunt |
| 4:39 | Stronghold |
| 4:51 | Orc Burrow |
| 5:14 | Grunt |
| 5:19 | Steel Melee Weapons |
| 5:30 | Chain Lighting |
| 5:47 | Grunt |
| 6:01 | Watch Tower |
| 6:59 | Feral Spirit |
| 7:07 | Spirit Lodge |
| 7:11 | Berserker Strength |
| 7:12 | Grunt |
| 7:12 | Grunt |
| 7:22 | Tauren Totem |
| 7:30 | Steel Armor |
| 8:29 | Shaman Adept Training |
| 8:31 | Grunt |
| 8:32 | Grunt |
| 8:37 | Fortress |
| 9:59 | Healing Salve |
| 10:07 | Orc Burrow |
| 10:14 | Orc Burrow |
| 10:17 | Reinforced Defenses |
| 10:18 | Thorium Melee Weapons |
| 11:38 | Shaman Master Training |
| 11:48 | Healing Wave |
| 13:12 | Scroll of Town Portal |
| 13:12 | Scroll of Speed |
| 13:13 | Healing Salve |
| 13:25 | Healing Salve |
| 13:27 | Grunt |
| 13:27 | Grunt |
| 13:30 | Thorium Armor |
| 13:42 | Shaman |
| 13:42 | Shaman |
| 14:09 | Pillage |
| 14:20 | Orc Burrow |
| 14:50 | Shaman |
| 14:50 | Shaman |
| 15:11 | Tauren |
| 15:11 | Tauren |
| 15:57 | Hex |
| 17:20 | Chain Lighting |
| 17:45 | Spirit Walker Adept Training |
| 17:46 | Spirit Walker |
| 17:46 | Spirit Walker |
| 17:49 | Arcanite Melee Weapons |
| 18:02 | Great Hall |
| 19:39 | Arcanite Armor |
| 20:12 | Scroll of Town Portal |
| 20:13 | Scroll of Speed |
| 20:19 | Healing Salve |
| 21:44 | Orc Burrow |
| 23:47 | Healing Wave |
| 24:29 | Great Hall |
| 24:44 | Burning Oil |
| 24:45 | Demolisher |
| 24:45 | Demolisher |
| 25:33 | Great Hall |
| 26:08 | Improved Spiked Barricades |
| 26:13 | Steel Ranged Weapons |
| 26:23 | Pulverize |
| 26:27 | Spirit Walker Master Training |
| 27:22 | Peon |
| 27:22 | Peon |
| Right click | 731 |
| Select | 251 |
| Build/train/purchase | 82 |
| Use ability | 29 |
| Minimap ping | 6 |
| Remove unit | 1 |
120 units @ 13.3k
/ 1.8k
106 buildings @ 11k
/ 4.9k


| Peasant | 37 | 2775 | / | 0 |
| Footman | 8 | 1080 | / | 0 |
| Rifleman | 2 | 410 | / | 60 |
| Priest | 2 | 270 | / | 20 |
| Mortar Team | 1 | 180 | / | 70 |
| Flying Machine | 20 | 2000 | / | 600 |
| total: | 70 | 6715g | / | 750w |
| Scout Tower | 41 | 1230 | / | 820 |
| Arcane Tower | 5 | 350 | / | 250 |
| Guard Tower | 13 | 910 | / | 650 |
| Barracks | 2 | 320 | / | 120 |
| Altar of Kings | 2 | 360 | / | 100 |
| Farm | 21 | 1680 | / | 420 |
| Town Hall | 3 | 1155 | / | 615 |
| Lumber Mill | 2 | 240 | / | 0 |
| Blacksmith | 2 | 280 | / | 120 |
| Arcane Vault | 1 | 130 | / | 30 |
| Arcane Sanctum | 1 | 150 | / | 140 |
| Workshop | 4 | 560 | / | 560 |
| Keep | 2 | 640 | / | 420 |
| Castle | 2 | 720 | / | 420 |
| total: | 79 | 6105g | / | 2925w |
| 0:02 | Peasant |
| 0:03 | Peasant |
| 0:18 | Barracks |
| 0:19 | Altar of Kings |
| 0:21 | Peasant |
| 0:34 | Farm |
| 0:35 | Peasant |
| 0:39 | Peasant |
| 0:49 | Peasant |
| 1:02 | Farm |
| 1:04 | Peasant |
| 1:15 | Peasant |
| 1:24 | Footman |
| 1:37 | Farm |
| 1:47 | Scout Tower |
| 1:54 | Footman |
| 2:14 | Arcane Tower |
| 2:17 | Footman |
| 2:37 | Footman |
| 2:40 | Storm Bolt |
| 3:19 | Town Hall |
| 4:04 | Peasant |
| 4:04 | Peasant |
| 4:22 | Peasant |
| 4:23 | Footman |
| 4:24 | Footman |
| 4:36 | Farm |
| 5:06 | Keep |
| 5:10 | Lumber Mill |
| 5:44 | Footman |
| 5:47 | Blacksmith |
| 5:50 | Scout Tower |
| 6:05 | Peasant |
| 6:06 | Peasant |
| 6:08 | Peasant |
| 6:22 | Guard Tower |
| 6:30 | Defend |
| 6:30 | Footman |
| 6:49 | Arcane Vault |
| 6:56 | Bash |
| 7:44 | Rifleman |
| 7:46 | Arcane Sanctum |
| 8:30 | Rifleman |
| 8:31 | Black Gunpowder |
| 8:38 | Storm Bolt |
| 8:45 | Priest |
| 8:45 | Priest |
| 8:50 | Workshop |
| 8:51 | Barracks |
| 8:53 | Peasant |
| 8:53 | Peasant |
| 8:53 | Peasant |
| 8:55 | Improved Lumber Harvesting |
| 9:09 | Scout Tower |
| 9:10 | Scout Tower |
| 9:11 | Scout Tower |
| 9:11 | Scout Tower |
| 9:12 | Scout Tower |
| 9:13 | Scout Tower |
| 9:31 | Holy Light |
| 9:37 | Town Hall |
| 9:39 | Scout Tower |
| 10:35 | Guard Tower |
| 10:37 | Scout Tower |
| 10:37 | Scout Tower |
| 10:38 | Scout Tower |
| 10:58 | Castle |
| 11:32 | Guard Tower |
| 11:34 | Scout Tower |
| 11:34 | Scout Tower |
| 11:35 | Scout Tower |
| 11:36 | Scout Tower |
| 11:53 | Guard Tower |
| 12:09 | Guard Tower |
| 12:56 | Keep |
| 13:00 | Guard Tower |
| 13:03 | Peasant |
| 13:04 | Peasant |
| 13:11 | Scout Tower |
| 13:12 | Scout Tower |
| 13:31 | Advanced Lumber Harvesting |
| 13:32 | Peasant |
| 13:41 | Guard Tower |
| 13:43 | Scout Tower |
| 13:44 | Scout Tower |
| 13:44 | Scout Tower |
| 14:12 | Guard Tower |
| 14:15 | Improved Masonry |
| 14:33 | Scout Tower |
| 14:35 | Scout Tower |
| 14:36 | Scout Tower |
| 14:39 | Peasant |
| 14:39 | Peasant |
| 14:39 | Peasant |
| 14:44 | Guard Tower |
| 15:10 | Scout Tower |
| 15:18 | Peasant |
| 15:18 | Peasant |
| 15:23 | Castle |
| 15:27 | Peasant |
| 15:40 | Blacksmith |
| 16:02 | Advanced Masonry |
| 16:03 | Peasant |
| 16:03 | Peasant |
| 16:10 | Guard Tower |
| 17:00 | Guard Tower |
| 17:03 | Workshop |
| 17:25 | Workshop |
| 17:29 | Workshop |
| 17:32 | Scout Tower |
| 17:33 | Scout Tower |
| 17:33 | Scout Tower |
| 17:40 | Refined Gunpowder |
| 18:06 | Arcane Tower |
| 18:09 | Farm |
| 18:10 | Fragmentation Shards |
| 18:37 | Scout Tower |
| 18:42 | Scout Tower |
| 18:42 | Scout Tower |
| 19:25 | Farm |
| 19:26 | Farm |
| 19:27 | Farm |
| 19:27 | Farm |
| 19:28 | Farm |
| 19:34 | Farm |
| 19:35 | Farm |
| 19:37 | Farm |
| 19:42 | Farm |
| 19:42 | Farm |
| 19:45 | Imbued Gunpowder |
| 20:23 | Peasant |
| 20:23 | Peasant |
| 20:25 | Peasant |
| 20:25 | Peasant |
| 20:32 | Mortar Team |
| 20:41 | Scout Tower |
| 20:42 | Scout Tower |
| 20:51 | Scout Tower |
| 20:53 | Scout Tower |
| 20:55 | Scout Tower |
| 20:56 | Scout Tower |
| 21:13 | Lumber Mill |
| 21:15 | Arcane Tower |
| 21:17 | Scout Tower |
| 21:18 | Scout Tower |
| 21:24 | Scout Tower |
| 21:24 | Scout Tower |
| 21:34 | Flying Machine |
| 21:34 | Flying Machine |
| 21:34 | Flying Machine |
| 21:35 | Flying Machine |
| 21:37 | Flying Machine Bombs |
| 21:37 | Flak Cannons |
| 21:39 | Flying Machine |
| 21:39 | Flying Machine |
| 21:39 | Flying Machine |
| 21:42 | Peasant |
| 21:43 | Peasant |
| 21:55 | Arcane Tower |
| 22:03 | Arcane Tower |
| 22:19 | Flying Machine |
| 22:19 | Flying Machine |
| 22:19 | Flying Machine |
| 22:20 | Flying Machine |
| 22:32 | Iron Plating |
| 22:45 | Flying Machine |
| 22:51 | Guard Tower |
| 22:55 | Guard Tower |
| 23:25 | Flying Machine |
| 23:30 | Flying Machine |
| 23:30 | Flying Machine |
| 23:53 | Flare |
| 24:52 | Flying Machine |
| 24:52 | Flying Machine |
| 24:56 | Farm |
| 24:57 | Farm |
| 25:03 | Farm |
| 25:05 | Farm |
| 25:41 | Farm |
| 27:21 | Town Hall |
| 29:06 | Divine Shield |
| 29:32 | Altar of Kings |
| 29:36 | Flying Machine |
| 29:36 | Flying Machine |
| 29:36 | Flying Machine |
| 29:39 | Farm |
| 29:44 | Peasant |
| 29:44 | Peasant |
| 29:44 | Peasant |
| Right click | 1233 |
| Select | 491 |
| Select group | 405 |
| Build/train/purchase | 139 |
| Misc. action | 100 |
| Use ability | 33 |
| Assign group | 29 |
| Esc | 18 |


| Scroll of Town Portal | 1 | 350 |
| total: | 1 | 350g |
| Wisp | 27 | 1620 | / | 0 |
| Huntress | 9 | 1755 | / | 180 |
| Dryad | 5 | 725 | / | 300 |
| Druid of the Claw | 4 | 1020 | / | 320 |
| Archer | 1 | 130 | / | 10 |
| Chimaera | 4 | 1320 | / | 280 |
| total: | 50 | 6570g | / | 1090w |
| Altar of Elders | 1 | 180 | / | 50 |
| Moon Well | 16 | 2880 | / | 640 |
| Ancient of War | 2 | 300 | / | 120 |
| Hunter's Hall | 1 | 210 | / | 100 |
| Tree of Life | 2 | 680 | / | 370 |
| Ancient of Wonders | 1 | 90 | / | 30 |
| Ancient of Lore | 2 | 310 | / | 290 |
| Chimaera Roost | 2 | 280 | / | 380 |
| Tree of Ages | 1 | 320 | / | 180 |
| Tree of Eternity | 1 | 330 | / | 200 |
| total: | 27 | 4930g | / | 1980w |
| 0:06 | Altar of Elders |
| 0:08 | Wisp |
| 0:33 | Wisp |
| 0:34 | Wisp |
| 0:36 | Moon Well |
| 0:48 | Wisp |
| 1:02 | Wisp |
| 1:11 | Wisp |
| 1:17 | Wisp |
| 1:32 | Wisp |
| 1:53 | Wisp |
| 1:58 | Ancient of War |
| 2:01 | Hunter's Hall |
| 2:03 | Wisp |
| 2:18 | Moon Well |
| 2:19 | Wisp |
| 2:43 | Wisp |
| 2:51 | Entangling Roots |
| 3:06 | Ancient of War |
| 3:16 | Huntress |
| 3:21 | Wisp |
| 3:45 | Huntress |
| 4:00 | Huntress |
| 4:05 | Reinforced Hides |
| 4:09 | Huntress |
| 4:23 | Tree of Ages |
| 4:35 | Moon Well |
| 5:03 | Tree of Life |
| 5:15 | Strength of the Wild |
| 5:31 | Thorns Aura |
| 6:20 | Huntress |
| 6:22 | Huntress |
| 6:30 | Moon Well |
| 6:47 | Moon Glaive |
| 7:23 | Wisp |
| 7:23 | Wisp |
| 7:23 | Wisp |
| 7:23 | Wisp |
| 7:24 | Wisp |
| 7:31 | Ancient of Lore |
| 7:40 | Entangling Roots |
| 8:14 | Ancient of Lore |
| 9:07 | Abolish Magic |
| 9:09 | Improved Reinforced Hides |
| 9:10 | Huntress |
| 9:36 | Druid of the Claw Adept Training |
| 9:37 | Tree of Eternity |
| 9:42 | Trueshot Aura |
| 10:28 | Dryad |
| 10:38 | Druid of the Claw |
| 10:40 | Improved Strength of the Wild |
| 10:56 | Archer |
| 10:57 | Huntress |
| 11:13 | Huntress |
| 11:19 | Dryad |
| 11:20 | Dryad |
| 11:30 | Ancient of Wonders |
| 11:39 | Dryad |
| 11:40 | Druid of the Claw |
| 11:59 | Advanced Reinforced Hides |
| 12:54 | Druid of the Claw Master Training |
| 12:55 | Druid of the Claw |
| 13:04 | Wisp |
| 13:04 | Wisp |
| 13:04 | Wisp |
| 13:04 | Wisp |
| 13:27 | Wisp |
| 13:27 | Wisp |
| 13:30 | Wisp |
| 13:30 | Wisp |
| 13:30 | Wisp |
| 13:52 | Mark of the Claw |
| 13:52 | Druid of the Claw |
| 14:17 | Moon Well |
| 14:17 | Moon Well |
| 14:34 | Thorns Aura |
| 14:36 | Searing Arrows |
| 14:40 | Advanced Strength of the Wild |
| 15:05 | Ultravision |
| 15:05 | Well Spring |
| 16:47 | Chimaera Roost |
| 16:48 | Chimaera Roost |
| 16:53 | Trueshot Aura |
| 18:20 | Dryad |
| 18:23 | Scroll of Town Portal |
| 18:41 | Corrosive Breath |
| 18:42 | Chimaera |
| 18:42 | Chimaera |
| 19:45 | Chimaera |
| 19:46 | Chimaera |
| 20:35 | Moon Well |
| 20:37 | Moon Well |
| 21:30 | Tree of Life |
| 22:10 | Moon Well |
| 25:06 | Moon Well |
| 25:09 | Moon Well |
| 25:16 | Moon Well |
| 27:01 | Moon Well |
| 27:03 | Moon Well |
| 28:05 | Moon Well |
| 28:05 | Moon Well |
| Right click | 773 |
| Select | 347 |
| Select group | 256 |
| Build/train/purchase | 87 |
| Misc. action | 84 |
| Resource trade | 57 |
| Use ability | 39 |
| Assign group | 32 |
| Chat | 6 |
| Remove unit | 5 |
| Item give/drop | 4 |
| Minimap ping | 1 |